 Dungeon Crawl Stone Soup version 0.29-a0-414-g5075937ec3 (webtiles) character file.

Game seed: 7835980041697932923

1124 RepHenryClay the Ruffian (level 8, -2/56 HPs)
             Began as a Demonspawn Gladiator on May 15, 2022.
             Slain by a shadow (25 damage)
             ... on level 5 of the Dungeon.
             The game lasted 00:09:58 (4137 turns).

RepHenryClay the Ruffian (Demonspawn Gladiator)     Turns: 4137, Time: 00:09:59

Health: -2/56      AC:  3    Str: 22    XL:     8   Next: 13%
Magic:  8/8        EV: 13    Int: 13    God:
Gold:   189        SH:  0    Dex: 25    Spells: 7/7 levels left

rFire   + . .      SeeInvis .   E - +12 mace "Vaotioh" {flame, Dex+2}
rCold   . . .      Faith    .   (no shield)
rNeg    . . .      Spirit   .   p - +1 leather armour of Eternity {rPois Str+5 Int-3 Dex+3}
rPois   +          Reflect  .   c - +1 helmet
rElec   .          Harm     .   w - +0 cloak
rCorr   .          Rampage  .   (no gloves)
Will    .....                   (no boots)
Stlth   ++........              k - amulet "Sijaps" {Regen+ Int+4}
HPRegen 0.98/turn               B - ring of protection from fire
MPRegen 0.11/turn               F - +6 ring of dexterity

@: corroded
A: big brain 1, demonic touch 1
a: no special abilities


You were on level 5 of the Dungeon.
You visited 1 branch of the dungeon, and saw 5 of its levels.
You also visited: Sewer.

You collected 189 gold pieces.

Inventory:

Hand Weapons
 E - the +12 mace "Vaotioh" (weapon) {flame, Dex+2}
   (You found it on level 4 of the Dungeon)

   It burns those it strikes, dealing additional fire damage.
   Dex:       It affects your dexterity (+2).
Missiles
 a - 25 poisoned darts (quivered)
 e - a javelin
 o - 2 throwing nets
Armour
 b - a +2 pair of gloves of hurling
 c - a +1 helmet (worn)
 l - a +0 scale mail of cold resistance
 p - the +1 leather armour of Eternity (worn) {rPois Str+5 Int-3 Dex+3}
   (You found it in a sewer)

   Str:       It affects your strength (+5).
   Int:       It affects your intelligence (-3).
   Dex:       It affects your dexterity (+3).
   rPois:     It protects you from poison.
 w - a +0 cloak (worn)
 D - a +0 cloak
Jewellery
 f - a ring of positive energy
 j - a ring of ice
 k - the amulet "Sijaps" (around neck) {Regen+ Int+4}
   (You found it on level 2 of the Dungeon)

   [amulet of regeneration]

   Int:       It affects your intelligence (+4).
   Regen:     It increases your rate of health regeneration.
 v - a ring of flight
 B - a ring of protection from fire (left hand)
 F - a +6 ring of dexterity (right hand)
Wands
 C - a wand of digging (3)
Scrolls
 d - a scroll of amnesia
 g - 3 scrolls of identify {@r1}
 h - a scroll of fog {unknown}
 i - a scroll of enchant armour
 n - a scroll of poison {unknown}
 r - a scroll of vulnerability
 u - 2 scrolls of teleportation
 y - a scroll of brand weapon
Potions
 m - 3 potions of attraction
 q - 2 potions of heal wounds
 s - 3 potions of haste {unknown}
 t - a potion of curing
 x - a potion of might {unknown}
 z - a potion of magic
 A - a potion of invisibility


   Skills:
 - Level 2.0 Fighting
 - Level 5.0 Maces & Flails
 - Level 1.7 Throwing
 - Level 4.0 Armour
 - Level 2.6 Dodging
 + Level 6.2 Unarmed Combat


You had 7 spell levels left.
You didn't know any spells.
Your spell library contained the following spells:

 Spells                   Type           Power      Damage    Failure   Level
 Animate Skeleton         Necr           0%         N/A       34%         1
 Apportation              Tloc           0%         N/A       34%         1
 Beastly Appendage        Tmut           0%         N/A       34%         1
 Shock                    Conj/Air       0%         1d3       34%         1
 Summon Small Mammal      Summ           0%         N/A       34%         1
 Blink                    Tloc           0%         N/A       47%         2
 Wereblood                Tmut           0%         N/A       47%         2
 Gell's Gravitas          Tloc           0%         N/A       71%         3
 Lesser Beckoning         Tloc           0%         N/A       71%         3
 Spider Form              Tmut/Pois      0%         N/A       71%         3
 Swiftness                Air            0%         N/A       71%         3
 Teleport Other           Tloc           0%         N/A       71%         3
 Airstrike                Air            0%         N/A       98%         4
 Manifold Assault         Tloc           0%         N/A       100%        5


Dungeon Overview and Level Annotations

Branches:
Dungeon (5/15)              Sewer (visited)
 Temple: D:4-7

Altars:
Nemelex Xobeh
Sif Muna
Xom

Shops:
D:2 (


Innate Abilities, Weirdness & Mutations

You have an unusually large brain. (Int +2)
Your touch may inflict minor irresistible damage on your foes.


Message History

A shadow comes into view.
You sock the jelly! You burn the jelly. The acid corrodes you!
Your hands burn!
The jelly is severely wounded.
The jelly hits you.
You are splashed with acid!
The shadow slips into darkness.
The shadow flickers and vanishes!
Deactivating autopickup; reactivate with Ctrl-A.
Huge Dmg: -23%(-13hp) hp: 77%(43hp)
You sock the jelly! You burn the jelly.
You kill the jelly!
The black bear barely misses you. x2; The black bear claws you.
Damage: -3%(-2hp) hp: 74%(41hp)
You thump the black bear! You burn the black bear.
Your touch misses the black bear.
The black bear is severely wounded.
The black bear completely misses you. The black bear misses you.
The black bear barely misses you.
You sock the black bear! You burn the black bear.
You kill the black bear!
An orc comes into view. It is wielding a +0 club.
Your Unarmed Combat skill increases to level 6!
You miss something.
The shadow strikes at you from the darkness!
Reactivating autopickup.
A scorpion comes into view.
Huge Dmg: -25%(-14hp) hp: 52%(29hp)
The orc shouts!
You hit the shadow. You burn the shadow.
The shadow is moderately damaged.
The shadow hits you!
* * * LOW HITPOINT WARNING * * *
The shadow barely misses you.
Huge Dmg: -14%(-8hp) hp: 38%(21hp)
You barely miss the shadow. Your touch misses the shadow.
The shadow is moderately damaged.
The shadow slips into darkness.
The shadow flickers and vanishes!
Deactivating autopickup; reactivate with Ctrl-A.
The shadow strikes at you from the darkness!
You die...

... ###..# #....# #
#..#.# #.##.#?#
#......# ####.#.##
#.#..###.###
#.#.@.......
#.#..{#...#.
#.#..#o..#..
#.#.#$..#..
###########.#..#..s#.
#.....[.....#.. #...#
#....<..#####.. ....
#.........# #. #...
#......##.#


You could see a scorpion and an orc.

Vanquished Creatures
  Menkaure (D:5)
  Duvessa (D:4)
  A black bear (D:5)
  An ice beast (D:4)
  A phantom (D:5)
  2 kobold brigands (Sewer)
  A scorpion (D:4)
  Dowan (D:4)
  A jelly (D:5)
  Crazy Yiuf (D:4)
  A gnoll shaman (D:4)
  Terence (D:2)
  3 gnolls (D:4)
  7 adders
  5 river rats (Sewer)
  5 worms
  4 dart slugs
  4 orcs
  12 ball pythons
  12 endoplasms
  6 giant cockroaches
  6 goblins
  8 hobgoblins
  5 jackals (D:1)
  2 quokkas
  6 bats
  5 frilled lizards
  23 kobolds
  24 rats
150 creatures vanquished.

Notes
Turn   | Place    | Note
-------+----------+-------------------------------------------
     0 | D:1      | RepHenryClay the Demonspawn Gladiator began the quest for
                  | the Orb.
     0 | D:1      | Reached XP level 1. HP: 16/16 MP: 1/1
   234 | D:1      | Reached skill level 1 in Armour
   234 | D:1      | Gained mutation: You have an unusually large brain. (Int
                  | +2) [demonic ancestry]
   234 | D:1      | Reached XP level 2. HP: 22/22 MP: 2/2
   878 | D:1      | Reached XP level 3. HP: 24/27 MP: 3/3
  1187 | D:2      | Found Pilof's Antique Weapon Shop.
  1194 | D:2      | Identified the amulet "Sijaps" {Regen+ Int+4}
  1355 | D:2      | Noticed Terence
  1373 | D:2      | Killed Terence
  1374 | D:2      | Reached XP level 4. HP: 26/31 MP: 4/4
  1563 | D:2      | Found a shimmering altar of Xom.
  2169 | D:3      | Found a sparkling altar of Nemelex Xobeh.
  2347 | D:3      | Found a faded altar of an unknown god.
  2678 | D:4      | Noticed Duvessa
  2703 | D:4      | Found a shimmering blue altar of Sif Muna.
  2718 | D:4      | Noticed a scorpion
  2723 | D:4      | Killed a scorpion
  2724 | D:4      | Reached XP level 5. HP: 38/38 MP: 5/5
  2740 | D:4      | Noticed Dowan
  2772 | D:4      | Killed Duvessa
  2773 | D:4      | Gained mutation: Your touch may inflict minor irresistible
                  | damage on your foes. [demonic ancestry]
  2773 | D:4      | Reached XP level 6. HP: 36/44 MP: 6/6
  2778 | D:4      | Killed Dowan
  2779 | D:4      | Reached skill level 5 in Maces & Flails
  2933 | D:4      | Found a glowing drain.
  2938 | D:4      | Noticed an ice beast
  2946 | Sewer    | Entered a sewer
  2998 | Sewer    | Reached skill level 1 in Unarmed Combat
  3130 | Sewer    | Reached skill level 2 in Unarmed Combat
  3163 | Sewer    | Reached XP level 7. HP: 50/50 MP: 7/7
  3181 | Sewer    | Identified the +1 leather armour of Eternity {rPois Str+5
                  | Int-3 Dex+3}
  3283 | Sewer    | Reached skill level 3 in Unarmed Combat
  3642 | D:4      | Reached skill level 4 in Unarmed Combat
  3869 | D:4      | Found a runed translucent door.
  3870 | D:4      | Noticed Crazy Yiuf
  3878 | D:4      | Killed Crazy Yiuf
  3884 | D:4      | Identified the +12 mace "Vaotioh" {flame, Dex+2}
  4096 | D:5      | Entered Level 5 of the Dungeon
  4101 | D:5      | Noticed Menkaure
  4103 | D:5      | Killed Menkaure
  4104 | D:5      | Reached skill level 5 in Unarmed Combat
  4127 | D:5      | Reached XP level 8. HP: 56/56 MP: 8/8
  4134 | D:5      | Reached skill level 6 in Unarmed Combat
  4137 | D:5      | Slain by a shadow

Illustrated notes

Levels and vault maps discovered:
D:1:      matt_arrival_refuge, layout_loops_ring, solitary_fountain,
          minmay_misc_feat_hallway
D:2:      layout_rooms, serial_shops, shop, basic_altar, minmay_misc_feat_room,
          chequers_garden, minmay_tripent, uniq_terence
D:3:      wander_river, layout_loops_corners, nemelex_diamond_rough_becter,
          shapermc_ecumenical_altar_starsandcircs
D:4:      layout_cave_pools, mainiacjoe_overflow_paths,
          cheibrodos_sewer_entry_sluice, uniq_duvessa, uniq_crazy_yiuf_cottage
D:5:      cheibrodos_fzero, layout_basic, nicolae_overflow_hidden_temple,
          dk_noncrumbling_2, minivault_19, uniq_pikel, uniq_menkaure,
          uniq_grinder

Skill      XL: |  1  2  3  4  5  6  7  8 |
---------------+-------------------------+-----
Maces & Flails | 3 4 5 |  5.0
Armour         | 1 2 3 4 |  4.0
Unarmed Combat | 2 5 6 |  6.2
Fighting       | |  2.0
Throwing       | |  1.7
Dodging        | |  2.6

Action                   |  1- 3 |  4- 6 |  7- 9 || total
-------------------------+-------+-------+-------++-------
Melee: Flail             |   113 |     7 |       ||   120
       Morningstar       |       |   112 |       ||   112
       Punch             |       |     5 |     4 ||     9
       Unarmed           |       |   124 |   114 ||   238
       Touch             |       |    24 |    22 ||    46
       Mace              |       |       |    18 ||    18
Throw: Throwing net      |     3 |       |       ||     3
  Use: Scroll            |       |     9 |       ||     9
       Potion            |       |     4 |     1 ||     5
 Stab: Held in net/web   |     2 |       |       ||     2
       Invisible         |       |     5 |       ||     5
Armor: Leather armour    |    27 |       |    46 ||    73
       Scale mail        |     9 |   217 |     9 ||   235
Dodge: Dodged            |    74 |   239 |   100 ||   413

Table legend: (Time is in decaauts)
 A = Elapsed time spent in this place.
 B = Non-inter-level travel time spent in this place.
 C = Inter-level travel time spent in this place.
 D = Time resting spent in this place.
 E = Time spent auto-exploring this place.
 F = Levels seen in this place.
 G = Mean time per level.
                   A        B        C        D        E       F      G
               +--------+--------+--------+--------+--------+-----+--------+
         Total |   4232 |   4093 |    139 |      0 |   2882 |   6 |  705.3 |
       Dungeon |   3530 |   3391 |    139 |      0 |   2483 |   5 |  706.0 |
         Sewer |    701 |    701 |      0 |      0 |    399 |   1 |  701.0 |
               +--------+--------+--------+--------+--------+-----+--------+

Top non-repeatable levels by time:
     D:1: 1208 daAuts
     D:3: 860 daAuts
     D:4: 762 daAuts
   Sewer: 701 daAuts
     D:2: 656 daAuts
     D:5: 42 daAuts
